 Dungeon Crawl Stone Soup version 0.31-a0-210-gccc998df9b (webtiles) character file.

Game seed: 5266678415422826950

27194 Demosthentine the Fighter (level 13, -1/95 HPs)
             Began as a Demonspawn Gladiator on June 30, 2023.
             Was a Priest of Hepliaklqana.
             Slain by a tengu reaver
             ... wielding a +2 great sword
              (10 damage)
             ... on level 12 of the Dungeon.
             The game lasted 00:14:17 (12844 turns).

Demosthentine the Fighter (Demonspawn Gladiator)   Turns: 12844, Time: 00:14:18

Health: -1/95      AC: 14    Str: 16    XL:     13   Next: 3%
Magic:  20/20      EV: 27    Int: 12    God:    Hepliaklqana [***...]
Gold:   560        SH:  5    Dex: 16    Spells: 12/12 levels left

rFire   + . .        F - +3 trident (spect)
rCold   + . .        f - orb {light}
rNeg    . . .        G - +0 troll leather armour
rPois   +            c - +0 helmet
rElec   .            N - +0 cloak {rPois}
rCorr   .            J - +1 pair of gloves {Stlth+}
SInv    .            (boots unavailable)
Will    .....        i - amulet of reflection
Stlth   +            E - ring of protection from fire
HPRegen 1.15/turn    a - +5 ring of evasion
MPRegen 0.17/turn

%: reflection
@: mighty, agile, glowing
A: reduced essence, hooves 3, icy blue scales 3, ignite blood 2, powered by pain
2
a: Renounce Religion, Recall Ancestor, Ancestor Identity, Transference


You were on level 12 of the Dungeon.
You worshipped Hepliaklqana.
Hepliaklqana was most pleased with you.
You visited 2 branches of the dungeon, and saw 14 of its levels.
You also visited: Bailey.

You collected 924 gold pieces.
You spent 364 gold pieces at shops.

Inventory:

Hand Weapons
 F - a +3 spectral trident (weapon)
Missiles
 e - 11 javelins
 x - 25 poisoned darts
 y - 8 boomerangs
 D - 3 curare-tipped darts
Armour
 c - a +0 helmet (worn)
 d - a +2 buckler
 f - an orb of light (worn)
 G - a +0 troll leather armour (worn)
 H - the +3 hat of Pondering {ponderous, Will+ MP+10 Int+5}
   (You found it in a bailey)

   Int:       It affects your intelligence (+5).
   MP:        It affects your magic capacity (+10).
   Will:      It increases your willpower.
 I - a +1 leather armour of fire resistance
 J - a +1 pair of gloves of stealth (worn)
 N - a +0 cloak of poison resistance (worn)
Jewellery
 a - a +5 ring of evasion (right hand)
 i - an amulet of reflection (around neck)
 E - a ring of protection from fire (left hand)
 L - a +6 ring of strength
Wands
 k - a wand of flame (40)
 n - a wand of roots (6)
 u - a wand of polymorph (15)
 w - a wand of paralysis (21)
 A - a wand of mindburst (5)
Scrolls
 o - 5 scrolls of identify
 q - 4 scrolls of teleportation
 v - 4 scrolls of brand weapon
 z - 2 scrolls of fear
 C - 2 scrolls of poison
 K - 2 scrolls of blinking
 M - a scroll of amnesia {unknown}
Potions
 b - 2 potions of brilliance
 g - 2 potions of attraction
 h - a potion of lignification
 j - 3 potions of haste
 l - 2 potions of might
 m - 4 potions of mutation
 p - 4 potions of ambrosia
 r - 4 potions of curing
 s - 3 potions of enlightenment
 t - a potion of cancellation {unknown}
 B - 2 potions of resistance


   Skills:
 + Level 11.2 Fighting
 + Level 10.5 Polearms
 - Level 1.7 Throwing
 - Level 7.0 Armour
 + Level 10.6 Dodging
 + Level 3.6 Shields
 + Level 10.2 Invocations


You had 12 spell levels left.
You didn't know any spells.
Your spell library contained the following spells:

 Spells                   Type           Power      Damage    Failure   Level
 Freeze                   Ice            0%         1d3       36%         1
 Magic Dart               Conj           0%         1d3       36%         1
 Sandblast                Erth           0%         2d4       36%         1
 Call Imp                 Summ           0%         N/A       52%         2
 Passwall                 Tmut/Erth      0%         N/A       52%         2
 Dazzling Flash           Conj/Hex       0%         N/A       75%         3
 Frozen Ramparts          Ice            0%         1d1       75%         3
 Hailstorm                Conj/Ice       0%         3d3       75%         3
 Inner Flame              Hex/Fire       0%         N/A       75%         3
 Mephitic Cloud           Conj/Pois/Air  0%         N/A       75%         3
 Stone Arrow              Conj/Erth      0%         3d7       75%         3
 Volatile Blastmotes      Fire/Tloc      0%         2d10      75%         3
 Flame Wave               Conj/Fire      0%         2d4       98%         4
 Ice Form                 Ice/Tmut       0%         N/A       98%         4
 Iskenderun's Mystic Bla  Conj/Tloc      0%         2d3       98%         4
 Sticky Flame             Conj/Fire      0%         2d3       98%         4
 Summon Ice Beast         Ice/Summ       0%         N/A       98%         4
 Starburst                Conj/Fire      0%         6d3       100%        6


Dungeon Overview and Level Annotations

Branches:
Dungeon (13/15)            Temple (1/1) D:6            Lair (0/5) D:11
    Orc (0/2) D:12         Bailey (visited)
 Vaults: D:13-14

Altars:
Ashenzari
Cheibriados
Dithmenos
Fedhas
Gozag
Hepliaklqana
Kikubaaqudgha
Makhleb
Nemelex Xobeh
Okawaru
Qazlal
Ru
Sif Muna
Trog
Uskayaw
Vehumet
Wu Jian
Xom
Yredelemnul

Shops:
D:1 !


Innate Abilities, Weirdness & Mutations

Your life essence is reduced to manifest your ancestor. (-10% HP)
You have hooves in place of feet.
You are completely covered in icy blue scales. (AC +4, rC+)
Your demonic aura often causes spilled blood to erupt in flames.
You sometimes gain power by taking damage.


Message History

The storm dragon is severely wounded.
Your +3 spectral trident hits the storm dragon but does no damage.
Your +3 spectral trident is engulfed in blazing flames. x2
The storm dragon is engulfed in blazing flames.
The storm dragon misses you. The storm dragon barely misses you.
The storm dragon completely misses you.
The tengu reaver gestures at you while chanting.
The bolt of poison misses you.
You puncture the storm dragon! You kick the storm dragon!
The storm dragon is almost dead.
Your +3 spectral trident hits the storm dragon!
You kill the storm dragon!
The storm dragon scales are intact enough to wear.
Your +3 spectral trident is engulfed in blazing flames. x2
You have reached level 13!
Your demonic ancestry asserts itself...
Your blood runs red-hot!
Okay, then.
Unknown command.
Aiming: Paralyse
Press: ? - help, Shift-Dir - straight line, f - tengu reaver
Aim: a tengu reaver, wielding a +2 great sword and wearing a +0 scale mail (haloed, chance to affect: 17%)
Okay, then.
Unknown command.
You puncture the tengu reaver! You kick the tengu reaver.
The tengu reaver is lightly wounded.
Your +3 spectral trident hits the tengu reaver.
Tlalli emerges from the mists of memory!
The tengu reaver is engulfed in blazing flames.
The tengu reaver hits you with a +2 great sword.
* * * LOW HITPOINT WARNING * * *
The tengu reaver pecks you but does no damage.
The tengu reaver claws you.
* * * LOW HITPOINT WARNING * * *
You puncture the tengu reaver! You kick the tengu reaver.
The tengu reaver is heavily wounded.
Your +3 spectral trident hits the tengu reaver!
The tengu reaver is engulfed in blazing flames.
The tengu reaver hits you with a +2 great sword!
You die...

##.# ####'## #######.. #.# ##...#
##... #.## ###..### ####.... #..#
#...## ##.#...). #####.#####
###'####### #R#....[) #.........#
#.........# ###..###) #.........#
#.........# ##.##).
#........<###.(Q.[....# #......
#...........'.R.@รท....#####.##.##
#.........###..)......#.....##.#
..........# #.........'.######.#
#.........# #.........### ##.#
#.........# #.........# #..#
########.## ####'###### #.## #...#
#..## #.# ####.### ##..## #.#
#....# ##..# #.#


You could see the friendly Tlalli the hexer, a tengu reaver (ally target) and a
friendly +3 spectral trident.

Vanquished Creatures
  A sphinx (D:12)
  A storm dragon (D:12)
  A hydra (D:13)
  A boulder beetle (D:11)
  4 centaur warriors (D:13)
  A death knight (D:13)
  2 two-headed ogres (D:11)
  A deep elf knight (D:12)
  Pikel (D:5)
  A deep elf pyromancer (D:12)
  2 cyclopes
  Joseph (D:7)
  A guardian serpent (shapeshifter) (D:13)
  Maurice (D:13)
  A gargoyle (Bailey)
  An unseen horror (D:9)
  3 komodo dragons (D:11)
  3 kobold demonologists
  Psyche (D:8)
  5 meliai
  A queen bee (D:8)
  A troll (D:12)
  10 slime creatures
  3 shadows
  A vampire (Bailey)
  4 wraiths
  A basilisk (D:13)
  10 vampire mosquitoes
  Grum (D:8)
  A steam dragon (D:6)
  2 acid dragons
  4 water moccasins
  5 orc warriors
  An ice beast (D:7)
  4 wolves (D:8)
  2 ogres (D:4)
  4 centaurs
  6 kobold brigands
  A gnoll sergeant (D:11)
  8 bullfrogs
  6 wights
  22 killer bees
  4 vampire bats (Bailey)
  A wolf zombie (Bailey)
  2 electric eels
  2 howler monkeys
  5 hounds
  2 jellies
  6 orc priests
  A sleepcap (D:5)
  9 iguanas (D:11)
  A hexer (D:12)
  Natasha (thrice) (D:2)
  10 orc wizards
  4 adders
  16 gnolls
  2 shadow imps
  A white imp (D:6)
  An ufetubus (D:3)
  A worm (D:2)
  4 dart slugs
  44 orcs
  4 bats
  6 endoplasms
  8 giant cockroaches
  10 goblins
  3 hobgoblins
  4 quokkas
  5 ball pythons
  15 frilled lizards
  23 kobolds
  19 orc zombies (Bailey)
  11 rats
  A spectral orc (D:8)
  A spectral weapon (D:11)
360 creatures vanquished.

Vanquished Creatures (collateral kills)
  A two-headed ogre (D:13)
  An ugly thing (D:13)
  A meliai (D:12)
  A troll (D:9)
  2 slime creatures
  A vampire mosquito (D:13)
  A swamp drake (D:11)
  2 gnoll sergeants
  2 killer bees (D:8)
  5 vampire bats (Bailey)
  A wolf zombie (Bailey)
  An electric eel (D:11)
  An orc priest (D:11)
  An iguana (D:11)
  2 orc wizards
  2 gnolls (D:11)
  An orc zombie (Bailey)
  5 orcs
  A kobold (D:10)
  2 frilled lizards (D:11)
34 creatures vanquished.

Vanquished Creatures (others)
  6 hexers
  2 ancestors (D:8)
  2 frilled lizards (D:11)
  9 spectral weapons
19 creatures vanquished.

Grand Total: 413 creatures vanquished

Notes
Turn   | Place    | Note
-------+----------+-------------------------------------------
     0 | D:1      | Demosthentine the Demonspawn Gladiator began the quest for
                  | the Orb.
     0 | D:1      | Reached XP level 1. HP: 16/16 MP: 1/1
     8 | D:1      | Found Zakut's Distillery.
   208 | D:1      | Found a faded altar of an unknown god.
   214 | D:1      | Gained mutation: You sometimes gain a little power by
                  | taking damage. [demonic ancestry]
   214 | D:1      | Reached XP level 2. HP: 13/22 MP: 2/2
   639 | D:1      | Bought a potion of degeneration for 14 gold pieces
   743 | D:2      | Noticed Natasha
   749 | D:2      | Killed Natasha
   750 | D:2      | Reached skill level 1 in Armour
   750 | D:2      | Gained mutation: You have large cloven feet. [demonic
                  | ancestry]
   750 | D:2      | Reached XP level 3. HP: 6/28 MP: 3/3
   770 | D:2      | Noticed Natasha
   777 | D:2      | Killed Natasha
   778 | D:2      | Gained mutation: You are partially covered in icy blue
                  | scales. (AC +2) [demonic ancestry]
   778 | D:2      | Reached XP level 4. HP: 9/34 MP: 4/4
  1252 | D:2      | Noticed Natasha
  1257 | D:2      | Killed Natasha
  1258 | D:2      | Reached skill level 3 in Fighting
  1591 | D:3      | Reached XP level 5. HP: 41/41 MP: 5/5
  2404 | D:1      | Bought a potion of curing for 42 gold pieces
  2404 | D:1      | Bought a potion of enlightenment for 70 gold pieces
  2671 | D:4      | Gained mutation: You have hoof-like feet. [demonic
                  | ancestry]
  2671 | D:4      | Reached XP level 6. HP: 47/47 MP: 6/6
  2807 | D:4      | Found a sacrificial altar of Ru.
  3176 | D:4      | Reached skill level 4 in Fighting
  3621 | D:1      | Bought a potion of attraction for 42 gold pieces
  3694 | D:5      | Entered Level 5 of the Dungeon
  3836 | D:5      | Gained mutation: You are mostly covered in icy blue scales.
                  | (AC +3) [demonic ancestry]
  3836 | D:5      | Reached XP level 7. HP: 54/54 MP: 7/7
  3926 | D:5      | Noticed Pikel
  3951 | D:5      | Killed Pikel
  3952 | D:5      | Reached skill level 5 in Dodging
  3954 | D:5      | Reached skill level 5 in Fighting
  3954 | D:5      | Reached skill level 5 in Polearms
  3954 | D:5      | Gained mutation: You sometimes gain power by taking damage.
                  | [demonic ancestry]
  3954 | D:5      | Reached XP level 8. HP: 38/62 MP: 8/8
  4630 | D:6      | Found a staircase to the Ecumenical Temple.
  4902 | Temple   | Entered the Ecumenical Temple
  5037 | Temple   | Became a worshipper of Hepliaklqana the Forgotten
  5210 | D:1      | Bought a potion of brilliance for 56 gold pieces
  5432 | D:7      | Found a snail-covered altar of Cheibriados.
  5459 | D:7      | Reached skill level 6 in Fighting
  5459 | D:7      | Reached skill level 5 in Armour
  5649 | D:7      | Gained mutation: You are completely covered in icy blue
                  | scales. (AC +4, rC+) [demonic ancestry]
  5649 | D:7      | Reached XP level 9. HP: 55/69 MP: 9/9
  5811 | D:7      | Noticed Joseph
  5817 | D:7      | Killed Joseph
  6429 | D:8      | Found Pyirud's Magic Scroll Boutique.
  6430 | D:8      | Noticed Psyche
  6438 | D:8      | Killed Psyche
  6563 | D:8      | Reached * piety under Hepliaklqana
  6709 | D:8      | Reached skill level 7 in Fighting
  6797 | D:8      | Noticed a queen bee
  6806 | D:8      | Killed a queen bee
  6994 | D:8      | Noticed Grum
  7000 | D:8      | Reached XP level 10. HP: 66/71 MP: 10/10
  7007 | D:8      | Killed Grum
  7600 | D:8      | Reached skill level 8 in Fighting
  7732 | D:8      | Found a basalt altar of Yredelemnul.
  7938 | D:9      | Reached skill level 1 in Invocations
  8578 | D:9      | Found a broken altar of Ashenzari.
  8582 | D:9      | Saw a vision of the Shoals and the Snake Pit.
  8582 | D:9      | Noticed a sea snake
  8582 | D:9      | Noticed a merfolk siren
  8582 | D:9      | Noticed a manticore
  8582 | D:9      | Noticed a skyshark
  8582 | D:9      | Noticed a merfolk siren
  8582 | D:9      | Noticed a manticore
  8582 | D:9      | Noticed a manticore
  8582 | D:9      | Noticed an anaconda
  8582 | D:9      | Noticed a black mamba
  8582 | D:9      | Noticed a merfolk aquamancer
  8582 | D:9      | Noticed a black mamba
  8584 | D:9      | Noticed a naga mage
  8585 | D:9      | Noticed a naga mage
  8688 | D:9      | Reached ** piety under Hepliaklqana
  8689 | D:9      | Remembered your ancestor Tlalli as a hexer
  8943 | D:1      | Bought a potion of resistance for 140 gold pieces
  9103 | D:10     | Entered Level 10 of the Dungeon
  9212 | D:10     | Noticed a rust devil
  9213 | D:10     | Noticed a soul eater
  9234 | D:10     | Noticed an orange demon
  9659 | D:10     | Found a flagged portal.
  9672 | Bailey   | Entered a bailey
  9765 | Bailey   | Noticed a gargoyle
  9773 | Bailey   | Killed a gargoyle
  9774 | Bailey   | Gained mutation: Your demonic aura sometimes causes spilled
                  | blood to erupt in flames. [demonic ancestry]
  9774 | Bailey   | Reached XP level 11. HP: 44/78 MP: 14/14
  9820 | Bailey   | Found the +3 hat of Pondering {ponderous, Will+ MP+10
                  | Int+5}
  9904 | Bailey   | Reached skill level 9 in Fighting
 10162 | D:10     | Reached skill level 5 in Invocations
 10361 | D:11     | Found a staircase to the Lair.
 10364 | D:11     | Noticed a boulder beetle
 10366 | D:11     | Noticed a two-headed ogre
 10383 | D:11     | Killed a two-headed ogre
 10397 | D:11     | Killed a boulder beetle
 10676 | D:11     | Reached *** piety under Hepliaklqana
 11002 | D:11     | Found a shimmering blue altar of Sif Muna.
 11228 | D:11     | Noticed a two-headed ogre
 11240 | D:11     | Killed a two-headed ogre
 11307 | D:12     | Noticed a boulder beetle
 11392 | D:12     | Reached skill level 10 in Fighting
 11498 | D:12     | Found a staircase to the Orcish Mines.
 11907 | D:12     | Gained mutation: You have hooves in place of feet. [demonic
                  | ancestry]
 11907 | D:12     | Reached XP level 12. HP: 46/87 MP: 17/17
 12049 | D:13     | Noticed a centaur warrior
 12054 | D:13     | Killed a centaur warrior
 12063 | D:13     | Noticed a centaur warrior
 12063 | D:13     | Noticed a sphinx
 12063 | D:13     | Noticed a death knight
 12063 | D:13     | Paralysed by a sphinx for 2 turns
 12093 | D:13     | Killed a centaur warrior
 12101 | D:12     | Killed a sphinx
 12102 | D:12     | Reached skill level 10 in Dodging
 12102 | D:12     | Reached skill level 1 in Shields
 12104 | D:12     | Reached skill level 10 in Polearms
 12292 | D:13     | Killed a death knight
 12337 | D:13     | Noticed a centaur warrior
 12351 | D:13     | Killed a centaur warrior
 12460 | D:13     | Noticed Maurice
 12467 | D:13     | Killed Maurice
 12560 | D:13     | Noticed a two-headed ogre
 12568 | D:13     | Killed a two-headed ogre
 12569 | D:13     | Reached skill level 11 in Fighting
 12729 | D:13     | Noticed a centaur warrior
 12734 | D:13     | Killed a centaur warrior
 12735 | D:13     | Reached skill level 10 in Invocations
 12780 | D:13     | Noticed a storm dragon
 12780 | D:13     | Noticed a seven-headed hydra
 12781 | D:13     | Noticed a tengu reaver
 12785 | D:13     | Killed a seven-headed hydra
 12792 | D:13     | Noticed a centaur warrior
 12842 | D:12     | Killed a storm dragon
 12843 | D:12     | Gained mutation: Your demonic aura often causes spilled
                  | blood to erupt in flames. [demonic ancestry]
 12843 | D:12     | Reached XP level 13. HP: 11/95 MP: 20/20
 12844 | D:12     | Slain by a tengu reaver

Illustrated notes

Levels and vault maps discovered:
D:1:      wander_arrival_desolate, layout_loops_cross, serial_shops,
          shop_fountains, ebering_ecumenical_altar_ruins
D:2:      layout_basic, uniq_natasha
D:3:      layout_loops_corners, serial_rivers, chequers_serial_rivers_room_a,
          chequers_serial_rivers_marsh, chequers_serial_rivers_room_b,
          chequers_serial_rivers_micro_e, chequers_serial_rivers_marsh,
          minmay_misc_feat_enclosed, serial_park_tiny_1, grunt_ministairs_10
D:4:      layout_loops_corners, nicolae_ru_sacrificial_ziggurat
D:5:      layout_rooms, uniq_pikel
D:6:      layout_cave_pools, minmay_temple_entry_mini_moons
D:7:      layout_cave_pods, mainiacjoe_overflow_24_doors, uniq_joseph
D:8:      layout_loops_cross, yredelemnul_forgotten_temple_becter,
          nicolae_stop_n_shop_2, kennysheep_diamond,
          nicolae_looking_at_the_future, uniq_psyche, uniq_grum
D:9:      layout_irregular_city, grunt_ashenzari_visionary
          [grunt_ashenzari_visionary_shoals, grunt_ashenzari_visionary_snake]
D:10:     layout_basic, enter_bailey_5
D:11:     lemuel_reptile_caves, layout_loops_ring, lair_entry_dummy,
          grunt_decor_junction, lemuel_blue_sif_altar
D:12:     layout_roguey, hiddenorc1_lemuel
D:13:     layout_basic, nicolae_rejected_hall, uniq_maurice
Temple:   regret_index_temple_chain_breaker

Skill      XL: |  1  2  3  4  5  6  7  8  9 10 11 12 |
---------------+-------------------------------------+-----
Dodging        | 3 4 5 6 7 8 9 10 | 10.6
Polearms       | 3 4 5 6 7 8 9 10 | 10.5
Armour         | 1 2 3 4 5 6 7 |  7.0
Fighting       | 3 4 5 6 7 8 10 11 | 11.2
Invocations    | 4 7 10 | 10.2
Shields        | 3 |  3.6
Throwing       | |  1.7

Action                     |  1- 3 |  4- 6 |  7- 9 | 10-12 | 13-15 || total
---------------------------+-------+-------+-------+-------+-------++-------
  Melee: Trident           |    57 |   127 |   190 |   581 |     2 ||   957
         Kick              |       |    26 |    50 |   142 |     2 ||   220
  Throw: Throwing net      |     1 |     2 |     5 |     1 |       ||     9
 Invoke: Ancestor Life: He |       |       |       |     1 |       ||     1
         Recall Ancestor   |       |       |       |     1 |       ||     1
    Use: Scroll            |     1 |     8 |     9 |     3 |       ||    21
         Potion            |       |       |       |     4 |       ||     4
   Stab: Sleeping          |     1 |       |       |     2 |       ||     3
         Held in net/web   |     2 |       |     4 |       |       ||     6
         Distracted        |       |       |     3 |    11 |       ||    14
         Confused          |       |       |       |     6 |       ||     6
 Armour: Leather armour    |    18 |    23 |    39 |    27 |       ||   107
         Steam dragon scal |       |       |    12 |       |       ||    12
         Troll leather arm |       |       |       |    70 |     1 ||    71
  Dodge: Dodged            |    30 |    50 |   105 |   291 |       ||   476
  Block: Orb               |       |       |    28 |    77 |       ||   105
         Reflection        |       |       |     2 |     5 |       ||     7

Table legend: (Time is in decaauts)
 A = Elapsed time spent in this place.
 B = Non-inter-level travel time spent in this place.
 C = Inter-level travel time spent in this place.
 D = Time resting spent in this place.
 E = Time spent auto-exploring this place.
 F = Levels seen in this place.
 G = Mean time per level.
                   A        B        C        D        E       F      G
               +--------+--------+--------+--------+--------+-----+--------+
         Total |  12860 |  11575 |   1285 |    220 |   9221 |  15 |  857.3 |
       Dungeon |  12383 |  11099 |   1284 |    220 |   8923 |  13 |  952.5 |
        Temple |    150 |    150 |      0 |      0 |    101 |   1 |  150.0 |
        Bailey |    326 |    326 |      0 |      0 |    197 |   1 |  326.0 |
               +--------+--------+--------+--------+--------+-----+--------+

Top non-repeatable levels by time:
     D:8: 1392 daAuts
     D:4: 1172 daAuts
     D:7: 1129 daAuts
    D:11: 1060 daAuts
     D:3: 1050 daAuts
     D:9: 995 daAuts
     D:2: 951 daAuts
    D:10: 911 daAuts
    D:12: 860 daAuts
     D:1: 854 daAuts
     D:6: 793 daAuts
     D:5: 661 daAuts
    D:13: 550 daAuts
  Bailey: 326 daAuts
  Temple: 150 daAuts
